 Dungeon Crawl Stone Soup version 0.32-a0-42-ga30500b4d3 (webtiles) character file.

Game seed: 12347876520527111318

700 cforsyth the Trooper (level 7, -5/52 (56) HPs)
             Began as a Djinni Reaver on Jan 28, 2024.
             Slain by an ice beast (21 damage)
             ... on level 5 of the Dungeon.
             The game lasted 00:09:43 (6130 turns).

cforsyth the Trooper (Djinni Reaver)                Turns: 6130, Time: 00:09:43

HP:   -5/52 (56)    AC:  3    Str: 11    XL:     7   Next: 98%
Gold: 193           EV: 12    Int: 19    God:
                    SH:  0    Dex: 11

rFire   + + .        a - +0 short sword
rCold   x . .        (no shield)
rNeg    . . .        k - +1 robe of the Silversmith {Int+2}
rPois   ∞            (no helmet)
rElec   .            (no cloak)
rCorr   .            (no gloves)
SInv    .            (boots unavailable)
Will    .....        (no amulet)
Stlth   +            (no ring)
HPRegen 0.28/turn    (no ring)
MPRegen 0.00/turn

%: infuse magic (-6 HP)
@: flying, drained
A: sickness immunity, fire resistance 2, cold vulnerability 1, float, innate
caster, HP casting, extra vitality 1
a: no special abilities


You were on level 5 of the Dungeon.
You visited 1 branch of the dungeon, and saw 5 of its levels.

You collected 193 gold pieces.

Inventory:

Hand Weapons
 a - a +0 short sword (weapon)
Armour
 b - a +0 leather armour
 k - the +1 robe of the Silversmith (worn) {Int+2}
   (You found it on level 2 of the Dungeon)

   Int+2:     It affects your intelligence (+2).
 s - the +0 robe of the Shoals {Rampage Will++ Str-4 SInv}
   (You found it on level 3 of the Dungeon)

   Str-4:     It affects your strength (-4).
   Will++:    It greatly increases your willpower.
   SInv:      It lets you see invisible.
   Rampage:   It bestows one free step when moving towards enemies.
 x - a +0 cloak
Jewellery
 y - a ring of positive energy
Wands
 q - a wand of iceblast (9)
 t - a wand of flame (12)
 w - a wand of charming (5)
Scrolls
 c - 6 scrolls of identify {unknown}
 d - a scroll of enchant armour {unknown}
 e - 2 scrolls of blinking {unknown}
 f - 3 scrolls of revelation {unknown}
 i - a scroll of noise {unknown}
 m - a scroll of enchant weapon {unknown}
 r - 3 scrolls of amnesia {unknown}
 u - a scroll of poison {unknown}
 v - 2 scrolls of teleportation {unknown}
 z - a scroll of silence {unknown}
Potions
 g - a potion of attraction {unknown}
 h - a potion of cancellation {unknown}
 j - 6 potions of curing {unknown}
 l - a potion of might {unknown}
 n - 2 potions of resistance {unknown}
 o - 3 potions of lignification {unknown}
 p - 3 potions of haste {unknown}


   Skills:
 + Level 6.2 Fighting
 - Level 2.6 Short Blades
 - Level 2.1 Dodging
 + Level 5.2 Spellcasting
 + Level 5.2 Conjurations
 + Level 5.2 Hexes
 + Level 5.2 Summonings
 + Level 5.2 Necromancy
 + Level 5.2 Translocations
 + Level 5.2 Fire Magic
 + Level 5.2 Ice Magic
 + Level 5.2 Air Magic
 + Level 5.2 Earth Magic
 + Level 5.2 Alchemy


You knew the following spells:

 Your Spells              Type           Power      Damage    Failure   Level
a - Kiss of Death         Conj/Necr      100%       2d13      1%          1
b - Momentum Strike       Conj/Tloc      50%        3d9       1%          2
c - Hailstorm             Conj/Ice       25%        3d7       4%          3
d - Apportation           Tloc           50%        N/A       1%          1
e - Lesser Beckoning      Tloc           50%        N/A       1%          2
f - Gell's Gravitas       Tloc           25%        N/A       4%          3
Your spell library was empty.

Dungeon Overview and Level Annotations

Branches:
Dungeon (5/15)
 Temple: D:4-7

Altars:
Cheibriados
Fedhas
Ru

Shops:
D:2 =

Annotations:
D:4 Menkaure


Innate Abilities, Weirdness & Mutations

You are immune to sickness and miasma.
You are immune to poison.
Your flesh is very heat resistant. (rF++)
You are vulnerable to cold. (rC-)
You float through the air rather than walking.
You learn spells naturally, not from books.
Your magical power is your life essence.
You have superior vitality. (+4 MHP)


Message History

An ice beast is nearby!
An ice beast is nearby!
Found an escape hatch in the floor.
An orc wizard comes into view. It is wielding a +0 dagger.
An orc comes into view. It is wielding a +0 trident.
The orc shouts!
The orc wizard shouts!
The orc wizard gestures wildly while chanting.
The orc wizard flickers and vanishes!
Deactivating autopickup; reactivate with Ctrl-A.
The orc moves out of view.
An orc wizard comes into view.
It is wielding a +0 dagger of protection.
You barely miss the ice beast.
A black bear comes into view.
The ice beast barely misses you.
An orc comes into view. It is wielding a +0 whip.
The black bear growls angrily.
The orc shouts!
You hit the ice beast.
The ice beast is lightly wounded.
The ice beast misses you.
You barely miss the ice beast.
The ice beast is lightly wounded.
The ice beast hits you but does no damage.
An orc comes into view. It is wielding a +0 hand axe.
You barely miss the ice beast.
The ice beast is lightly wounded.
The orc priest shouts!
You hear a shout!
The ice beast hits you. The ice beast freezes you!
You feel a terrible chill!
The orc shouts!
You hit the ice beast but do no damage.
The ice beast is lightly wounded.
The ice beast attacks as it pursues you!
The ice beast hits you. The ice beast freezes you!
You feel a terrible chill!
The orc priest looks encouraged for a moment.
The ice beast attacks as it pursues you!
The ice beast hits you but does no damage.
The ice beast attacks as it pursues you!
The ice beast misses you.
The ice beast attacks as it pursues you!
The ice beast hits you. The ice beast freezes you!!
You feel a terrible chill!
You die...

######### #.......######
..####### #.####..(....#
.......######.# #.#.#.#..
#....Y@.<..# #........
#.#.######.# #.#.#.#..
#.#.######.####........
##...............#.#.#..
#...h...................
#.....##.##...##.###.##. #
#..#.###......##.##.....
#>o##.###.....##.#.#..##........
..oo.h...............###..#...##


You could see an ice beast.

Vanquished Creatures
  Grinder (D:3)
  A phantom (D:5)
  A scorpion (D:4)
  A hound (D:5)
  3 bombardier beetles
  An iguana (D:5)
  A sleepcap (D:4)
  Ijyb (D:3)
  Terence (D:3)
  A gnoll (D:1)
  5 adders
  A shadow imp (D:5)
  3 ribbon worms
  5 orcs
  11 ball pythons
  8 endoplasms
  2 giant cockroaches (D:2)
  5 hobgoblins
  4 jackals (D:1)
  3 quokkas
  4 bats
  7 frilled lizards
  4 goblins
  2 kobolds
  7 rats
83 creatures vanquished.

Notes
Turn   | Place    | Note
-------+----------+-------------------------------------------
     0 | D:1      | cforsyth the Djinni Reaver began the quest for the Orb.
     0 | D:1      | cforsyth set off with the following spells memorised: Kiss
                  | of Death, Momentum Strike, Hailstorm.
     0 | D:1      | Reached XP level 1. HP: 18/18 MP: 0/0
   154 | D:1      | Reached XP level 2. HP: 23/23 MP: 0/0
   333 | D:1      | Reached XP level 3. HP: 29/29 MP: 0/0
   333 | D:1      | Learned a level 1 spell: Apportation
  1061 | D:2      | Reached skill level 3 in Fighting
  1182 | D:2      | Identified the +1 robe of the Silversmith {Int+2}
  1603 | D:2      | Found a faded altar of an unknown god.
  1831 | D:2      | Reached XP level 4. HP: 24/30 MP: 0/0
  1903 | D:2      | Found Rumal's Jewellery Shoppe.
  2589 | D:3      | Identified the +0 robe of the Shoals {Rampage Will++ Str-4
                  | SInv}
  2679 | D:3      | Noticed Ijyb
  2689 | D:3      | Found a snail-covered altar of Cheibriados.
  2692 | D:3      | Found a blossoming altar of Fedhas.
  3034 | D:3      | Killed Ijyb
  3035 | D:3      | Reached XP level 5. HP: 4/27 MP: 0/0
  3035 | D:3      | Learned a level 2 spell: Lesser Beckoning
  3094 | D:3      | HP: 1/27 [quokka (5)]
  3311 | D:3      | Noticed Grinder
  3320 | D:3      | Killed Grinder
  3321 | D:3      | Reached skill level 4 in Fighting
  3321 | D:3      | Reached XP level 6. HP: 22/49 MP: 0/0
  3552 | D:3      | Noticed Terence
  3554 | D:3      | Killed Terence
  3555 | D:3      | Reached skill level 5 in Fighting
  4017 | D:4      | Noticed Menkaure
  4222 | D:4      | Found a sacrificial altar of Ru.
  4260 | D:4      | Reached XP level 7. HP: 36/54 MP: 0/0
  4260 | D:4      | Learned a level 3 spell: Gell's Gravitas
  5336 | D:5      | Entered Level 5 of the Dungeon
  5630 | D:5      | Reached skill level 5 in Spellcasting
  5630 | D:5      | Reached skill level 5 in Conjurations
  5630 | D:5      | Reached skill level 5 in Hexes
  5630 | D:5      | Reached skill level 5 in Summonings
  5630 | D:5      | Reached skill level 5 in Necromancy
  5630 | D:5      | Reached skill level 5 in Translocations
  5630 | D:5      | Reached skill level 5 in Fire Magic
  5630 | D:5      | Reached skill level 5 in Ice Magic
  5630 | D:5      | Reached skill level 5 in Air Magic
  5630 | D:5      | Reached skill level 5 in Earth Magic
  5630 | D:5      | Reached skill level 5 in Alchemy
  5800 | D:5      | Reached skill level 6 in Fighting
  6130 | D:5      | Slain by an ice beast

Illustrated notes

Levels and vault maps discovered:
D:1:      amcnicky_arrival_double_pillar, layout_loops_ring
D:2:      layout_loops_cross, serial_shops, nicolae_shop_real_fake_doors,
          shapermc_ecumenical_altar_flowoftime
D:3:      layout_basic, mainiacjoe_overflow_large_starburst,
          minmay_misc_feat_diagonals, st_stairs_2, minmay_statues_item,
          uniq_terence, uniq_ijyb, uniq_grinder
D:4:      layout_cave_pods, mainiacjoe_overflow_alcove_1,
          nicolae_ru_awakened_eye, dk_noncrumbling_4, uniq_menkaure
D:5:      layout_loops_ring, serial_glass, glass_columns_c, glass_columns_a,
          glass_columns_b, glass_columns_c, glass_columns_a, glass_columns_a,
          mrwooster_statue_mirror, kennysheep_opposing_triangles, uniq_edmund

Skill      XL: |  1  2  3  4  5  6  7 |
---------------+----------------------+-----
Spellcasting   | 3 4 5 |  5.2
Conjurations   | 3 4 5 |  5.2
Hexes          | 3 4 5 |  5.2
Summonings     | 3 4 5 |  5.2
Necromancy     | 3 4 5 |  5.2
Translocations | 3 4 5 |  5.2
Fire Magic     | 3 4 5 |  5.2
Ice Magic      | 3 4 5 |  5.2
Air Magic      | 3 4 5 |  5.2
Earth Magic    | 3 4 5 |  5.2
Alchemy        | 3 4 5 |  5.2
Fighting       | 3 4 5 6 |  6.2
Short Blades   | |  2.6
Dodging        | |  2.1

Action                     |  1- 3 |  4- 6 |  7- 9 || total
---------------------------+-------+-------+-------++-------
  Melee: Short sword       |   176 |   185 |   203 ||   564
         Punch             |     2 |     3 |     4 ||     9
   Cast: Kiss of Death     |     2 |     3 |     1 ||     6
         Momentum Strike   |       |     2 |     4 ||     6
  Evoke: Wand              |       |    13 |     2 ||    15
   Stab: Sleeping          |       |     1 |     1 ||     2
 Armour: Leather armour    |    69 |       |       ||    69
         Robe              |    26 |    96 |    90 ||   212
         Skin              |     6 |       |       ||     6
  Dodge: Dodged            |   115 |   104 |    82 ||   301

Table legend: (Time is in decaauts)
 A = Elapsed time spent in this place.
 B = Non-inter-level travel time spent in this place.
 C = Inter-level travel time spent in this place.
 D = Time resting spent in this place.
 E = Time spent auto-exploring this place.
 F = Levels seen in this place.
 G = Mean time per level.
                   A        B        C        D        E       F      G
               +--------+--------+--------+--------+--------+-----+--------+
         Total |   6060 |   5926 |    134 |    576 |   4087 |   5 | 1212.0 |
       Dungeon |   6060 |   5926 |    134 |    576 |   4087 |   5 | 1212.0 |
               +--------+--------+--------+--------+--------+-----+--------+

Top non-repeatable levels by time:
     D:4: 1574 daAuts
     D:2: 1540 daAuts
     D:3: 1374 daAuts
     D:1: 1021 daAuts
     D:5: 550 daAuts
